 Dungeon Crawl Stone Soup version 0.31-a0-831-g143b1e81fc (webtiles) character file.

Game seed: 6499503849411607831

21 mopl the Ruffian (level 2, -6/18 HPs)
             Began as an Octopode Shapeshifter on Sept 24, 2023.
             Mangled by a gnoll
             ... wielding a +0 flail
              (13 damage)
             ... on level 1 of the Dungeon.
             The game lasted 00:00:47 (579 turns).

mopl the Ruffian (Octopode Shapeshifter)             Turns: 579, Time: 00:00:48

Health: -6/18      AC:  1    Str: 13    XL:     2   Next: 83%
Magic:  2/2        EV: 13    Int: 12    God:
Gold:   62         SH:  0    Dex: 11    Spells: 1/1 levels left

rFire   . .          .
                       - Unarmed
rCold   . . .        (no shield)
rNeg    . . .        (helmet currently unavailable)
rPois   .            (no amulet)
rElec   .            (no ring)
rCorr   .            (no ring)
SInv    .            (no ring)
Will    .....        (no ring)
Stlth   ++           (no ring)
HPRegen 0.23/turn    (no ring)
MPRegen 0.08/turn    (no ring)
                     (no ring)

%: no passive effects
@: beast-form
A: beast (slay +1), almost no armour, amphibious, 8 rings, camouflage 1,
gelatinous body 1, (nimble swimmer 1), tentacles
a: Begin Untransformation


You were on level 1 of the Dungeon.
You were a hulking beast.
You visited 1 branch of the dungeon, and saw 1 of its levels.

You collected 62 gold pieces.

Inventory:

Talismans
 b - a beast talisman (active)
 c - a flux talisman
Scrolls
 d - a scroll of identify {unknown}
 e - a scroll of fear {unknown}
 f - a scroll of teleportation {unknown}
 j - a scroll of fog {unknown}
Potions
 a - a potion of lignification {!q}
 g - a potion of might {unknown}
 h - a potion of curing {unknown}
 i - a potion of mutation {unknown}


   Skills:
 + Level 1.3 Fighting
 + Level 2.1 Dodging
 * Level 3.3 Unarmed Combat
 * Level 3.3 Shapeshifting


You had one spell level left.
You didn't know any spells.
Your spell library was empty.

Dungeon Overview and Level Annotations

Branches:
Dungeon (1/15)

Altars:


Innate Abilities, Weirdness & Mutations

You are a hulking beast.
Your limbs bulge with bestial killing power. (Slay +1)
You cannot wear most types of armour.
You are amphibious.
You can wear up to eight rings at the same time.
Your skin changes colour to match your surroundings (Stealth+).
Your rubbery body absorbs attacks. (AC +1, EV +1)
((You are camouflaged when in or above water. (Stealth+)))
You have tentacles for arms and can constrict up to eight enemies at once.


Message History

You tentacle-slap the frilled lizard.
You kill the frilled lizard!
No target in view!
No target in view!
You now have 45 gold pieces (gained 9).
Found a dagger.
You now have 62 gold pieces (gained 17).
A giant cockroach comes into view.
A giant cockroach is nearby!
The helpless giant cockroach fails to defend itself.
You tentacle-slap the giant cockroach. Your grab misses the giant cockroach.
The giant cockroach is moderately wounded.
The giant cockroach closely misses you.
You barely miss the giant cockroach. Your grab misses the giant cockroach.
The giant cockroach is moderately wounded.
The giant cockroach closely misses you. The giant cockroach barely misses you.
You closely miss the giant cockroach. You grab the giant cockroach.
The giant cockroach is moderately wounded.
You constrict the giant cockroach. The giant cockroach barely misses you.
You completely miss the giant cockroach.
You squeeze the giant cockroach.
You kill the giant cockroach!
No target in view!
No target in view!
No target in view!
A gnoll comes into view. It is wielding a +0 flail.
A gnoll is nearby!
The helpless gnoll fails to defend itself.
You tentacle-slap the gnoll. Your grab misses the gnoll.
Your squeeze misses the gnoll.
The gnoll is moderately wounded.
The gnoll hits you with a +0 flail!
Ouch! That really hurt!
You are too injured to fight recklessly!
You are too injured to fight recklessly!
You tentacle-slap the gnoll. You grab the gnoll. Your squeeze misses the gnoll.
The gnoll is moderately wounded.
You constrict the gnoll. The gnoll hits you with a +0 flail!
Ouch! That really hurt!
You die...

............# ####.##
##.#.## # ..........).#
#♣# ##.## ............#
#♣# ............#
............##
......†).#...#
.........##..####
................########
.#....#.....#.#.h.......
.#....#....##...#g......
.#....#.........#.####.#
.#....#..†..#.#.#.#
.#....#.....#####.#
.#....#.....# .#
.#.[..#.....# ## .#
#.....# .# #....##


You could see a gnoll.

Vanquished Creatures
  5 ball pythons (D:1)
  2 bats (D:1)
  4 endoplasms (D:1)
  A giant cockroach (D:1)
  2 hobgoblins (D:1)
  A kobold (D:1)
  A quokka (D:1)
  A frilled lizard (D:1)
17 creatures vanquished.

Notes
Turn   | Place    | Note
-------+----------+-------------------------------------------
     0 | D:1      | mopl the Octopode Shapeshifter began the quest for the Orb.
     0 | D:1      | Reached XP level 1. HP: 13/13 MP: 1/1
   156 | D:1      | Reached XP level 2. HP: 18/18 MP: 2/2
   218 | D:1      | Found a faded altar of an unknown god.
   579 | D:1      | Mangled by a gnoll

Illustrated notes

Levels and vault maps discovered:
D:1:      nagdon_arrival_zigzag_paths, layout_basic,
          dreamdust_ecumenical_altar_hidden_monk_grotto

Action                     || total
---------------------------++-------
  Melee: Unarmed           ||    39
         Punch             ||     1
         Tentacles         ||     4
         Constrict         ||     3
   Stab: Sleeping          ||     7
 Armour: Skin              ||    12
  Dodge: Dodged            ||    19

Table legend: (Time is in decaauts)
 A = Elapsed time spent in this place.
 B = Non-inter-level travel time spent in this place.
 C = Inter-level travel time spent in this place.
 D = Time resting spent in this place.
 E = Time spent auto-exploring this place.
 F = Levels seen in this place.
 G = Mean time per level.
                   A        B        C        D        E       F      G
               +--------+--------+--------+--------+--------+-----+--------+
         Total |    577 |    577 |      0 |     27 |    421 |   1 |  577.0 |
       Dungeon |    577 |    577 |      0 |     27 |    421 |   1 |  577.0 |
               +--------+--------+--------+--------+--------+-----+--------+

Top non-repeatable levels by time:
     D:1: 577 daAuts
